 Dungeon Crawl Stone Soup version 0.18.1-47-g9310371 (webtiles) character file.

68095 Iskender the Brawler (level 15, 0/72 HPs)
             Began as a Vine Stalker Wanderer on June 17, 2016.
             Was the Champion of Zin.
             Slain by a jumping spider (5 damage)
             ... on level 1 of the Spider Nest.
             The game lasted 02:53:44 (18476 turns).

Iskender the Brawler (Vine Stalker Wanderer)       Turns: 18476, Time: 02:53:45

Health: 0/72       AC: 15    Str: 20    XL:     15   Next: 25%
Magic:  0/25       EV: 15    Int: 11    God:    Zin [******]
Gold:   1603       SH:  0    Dex: 16    Spells: 0 memorised, 16 levels left

rFire  . . .     SeeInvis .       - Unarmed
rCold  . . .     Gourm    .     a - +1 chain mail {rPois}
rNeg   . . .     Faith    .     (no shield)
rPois  +         Spirit   +     z - +2 helmet
rElec  .         Dismiss  .     m - +0 cloak
rCorr  .         Reflect  .     e - +0 pair of gloves
SustAt .         Harm     .     R - +0 pair of boots
MR     +....                    (no amulet)
Stlth  ..........               (no ring)
                                d - +4 ring of evasion

@: about to teleport, somewhat resistant to hostile enchantments, extremely
unstealthy
A: fangs 3, regeneration 3, magic shield, antimagic bite, no device heal 3, rot
immunity
a: Recite, Vitalisation, Imprison, Sanctuary, Donate Gold, Cure All Mutations,
Renounce Religion


You were on level 1 of the Spider Nest.
You worshipped Zin.
Zin was exalted by your worship.
You were completely stuffed.

You visited 4 branches of the dungeon, and saw 19 of its levels.
You also visited: Ossuary, Bailey and Ice Cave.

You collected 1827 gold pieces.
You donated 224 gold pieces to Zin.

Inventory:

Hand Weapons
 b - a +0 hunting sling
 v - a +0 blowgun
Missiles
 r - 559 stones
 D - 3 curare-tipped needles
 S - 5 throwing nets (quivered) {!f}
 W - 26 sling bullets
Armour
 a - a +1 chain mail of poison resistance (worn)
 e - a +0 pair of gloves (worn)
 m - a +0 cloak (worn)
 u - a +0 shield
 z - a +2 helmet (worn)
 A - a +4 scale mail
 F - a +0 ring mail of cold resistance
 R - a +0 pair of boots (worn)
Magical Staves
 w - an uncursed staff of wizardry
Jewellery
 c - an uncursed ring of fire
 d - a +4 ring of evasion (left hand)
 f - an uncursed ring of protection from fire
 i - an uncursed ring of ice
Wands
 h - a wand of digging (12/24)
 p - a wand of paralysis (10/24)
 q - a wand of enslavement (13/24)
 K - a wand of acid (6/15)
 L - a wand of teleportation (4/9)
 P - a wand of iceblast (1/15)
 V - a wand of digging (9/24)
Scrolls
 k - 5 scrolls of remove curse
 s - 4 scrolls of recharging
 t - a scroll of summoning
 x - a scroll of immolation
 y - 2 scrolls of fear
 E - 3 scrolls of enchant armour
 M - 7 scrolls of blinking
 O - 2 scrolls of fog
 T - a scroll of vulnerability
 U - a scroll of enchant weapon {unknown}
 Y - 2 scrolls of magic mapping
Potions
 g - a potion of magic
 l - a potion of invisibility
 n - 2 potions of berserk rage
 o - 2 potions of might
 C - 9 potions of curing
 G - 2 potions of ambrosia
 H - 3 potions of haste
 J - 3 potions of flight
 N - a potion of agility
Books
 X - a book of Summonings

   Spells                             Type                      Level
   a - Recall                         Summoning/Translocation      3
   b - Aura of Abjuration             Summoning                    5
   c - Summon Demon                   Summoning                    5
   d - Summon Forest                  Summoning/Translocation      5
   e - Summon Mana Viper              Hexes/Summoning              5
   f - Shadow Creatures               Summoning                    6
Comestibles
 j - 3 meat rations
 I - 18 fruits
 Q - 10 bread rations


   Skills:
 - Level 5.0 Fighting
 - Level 11.3 Slings
   Level 1.7 Crossbows
 - Level 1.0 Armour
 + Level 8.0 Dodging
 - Level 3.1 Stealth
 - Level 1.7 Shields
 - Level 16.3 Unarmed Combat
 - Level 1.1 Spellcasting
   Level 2.0 Air Magic
 - Level 12.1 Invocations


You had 16 spell levels left.
You didn't know any spells.

Dungeon Overview and Level Annotations

Branches:
Dungeon (9/15)             Temple (1/1) D:6            Lair (8/8) D:9
 Shoals (0/4) Lair:5       Spider (1/4) Lair:6        Slime (0/6) Lair:8
    Orc: D:9-12

Altars:
Ashenzari
Cheibriados
Dithmenos
Elyvilon
Fedhas
Gozag
Kikubaaqudgha
Makhleb
Nemelex Xobeh
Okawaru
Pakellas
Qazlal
Ru
Sif Muna
Trog
Vehumet
Xom
Yredelemnul
Zin
The Shining One
Jiyva

Shops:
D:8 %   D:9 [

Annotations:
Lair:2 exclusion: oklob plant


Innate Abilities, Weirdness & Mutations

You have razor-sharp teeth.
You regenerate.
When hurt, damage is shared between your health and your magic reserves.
Your bite disrupts and absorbs the magic of your enemies.
Potions and wands cannot restore your health.
You are immune to rotting.


Message History

The jumping spider bites you but does no damage.
The jumping spider pounces on you but does no damage.
The jumping spider bites you.
* * * LOW HITPOINT WARNING * * *
You disentangle yourself.
The wolf spider hits you but does no damage.
The wolf spider bites you.
* * * LOW HITPOINT WARNING * * *
The jumping spider misses you. x2
The jumping spider pounces on you but does no damage.
The jumping spider closely misses you.
The jumping spider completely misses you.
The jumping spider bites you.
* * * LOW HITPOINT WARNING * * *
The jumping spider leaps!
The wolf spider barely misses you. The wolf spider bites you!
* * * LOW HITPOINT WARNING * * *
The jumping spider closely misses you. The jumping spider barely misses you.
The jumping spider pounces on you!
You die... ....##..##..###.......# ### ....#....####........###.. ....#.....##...>#######... ...###.........## ..s. ####...........# sss

#.......#......# .s#
....######....######..#
.....# ##..###s.#.§.#
....## #####s@s.s..#
....# ##.s#..s### ..###
##...##### ..#
####..####### ..#
##.....###.#.### ###.
#......^#..†...## ....
##..###.##.......# ....
#...#####........# ....
##...#.........###


You could see a wolf spider, 2 orb spiders and 3 jumping spiders.

Vanquished Creatures
  Frances (Spider:1)
  A frost giant (IceCv)
  7 hydras
  Harold (Lair:4)
  Fannar (Lair:3)
  A catoblepas (Lair:7)
  2 death yaks
  A fire crab (Lair:8)
  An orc knight (Bailey)
  Pikel (D:8)
  An orb spider (Spider:1)
  5 wolf spiders
  3 griffons
  2 hornets (Lair:8)
  Maurice (D:9)
  17 elephants
  A guardian serpent (Lair:8)
  An ice statue (IceCv)
  4 black mambas
  A siren (Lair:5)
  A torpor snail (Lair:7)
  3 rime drakes
  18 spiny frogs
  12 komodo dragons
  A jumping spider (Spider:1)
  18 polar bears
  A two-headed ogre (D:9)
  19 blink frogs
  A boulder beetle (Lair:8)
  A merfolk (Lair:5)
  Prince Ribbit (D:7)
  A wraith (Ossuary)
  7 redbacks
  2 tarantellas (Spider:1)
  2 basilisks
  10 wyverns
  68 yaks
  7 hippogriffs
  A steam dragon (Lair:8)
  Menkaure (D:5)
  6 porcupines
  23 water moccasins
  Duvessa (D:5)
  2 phantoms (D:9)
  3 ice beasts
  A slave (D:8)
  An orc warrior (D:9)
  6 ogres
  3 sky beasts
  A necrophage (D:8)
  21 wolves
  3 wasps
  2 centaurs
  23 crocodiles
  A big kobold (D:9)
  15 giant frogs
  A wyvern skeleton (D:9)
  Dowan (D:5)
  3 scorpions
  11 killer bees
  2 wights (Ossuary)
  3 electric eels
  2 crimson imps
  A quasit (D:5)
  4 hounds
  2 jellies
  Crazy Yiuf (D:5)
  3 gnoll shamans
  A centaur skeleton (D:7)
  4 iguanas
  Natasha (thrice) (D:4)
  3 orc wizards (D:9)
  12 worker ants
  24 gnolls
  14 adders
  19 river rats
  A shadow imp (D:7)
  5 oozes
  2 adder zombies
  3 adder skeletons
  4 worms
  A dart slug (D:1)
  2 giant geckos
  8 orcs
  A ball python (D:4)
  6 bats
  3 giant cockroaches
  9 goblins
  15 hobgoblins
  11 jackals
  14 kobolds
  3 quokkas
  3 ball python skeletons (Ossuary)
  2 giant gecko skeletons
  A giant gecko zombie (D:9)
  8 giant newts
  A hobgoblin skeleton (Ossuary)
  2 hobgoblin zombies (Ossuary)
  2 jackal zombies
  A kobold zombie (Ossuary)
  2 orc zombies (Ossuary)
  3 quokka skeletons
  14 rats
  2 fungi (Lair:8)
  2 plants (Lair:8)
585 creatures vanquished.

Vanquished Creatures (others)
  5 fungi
  6 plants
11 creatures vanquished.

Grand Total: 596 creatures vanquished

Notes
Turn   | Place    | Note
--------------------------------------------------------------
     0 | D:1      | Iskender the Vine Stalker Wanderer began the quest for the Orb.
     0 | D:1      | Iskender set off with: a +0 shield, a +0 ring mail, a +0 hand crossbow, 21 bolts, a bread ration
     0 | D:1      | Reached XP level 1. HP: 11/11 MP: 3/3
    43 | D:1      | Reached skill level 1 in Unarmed Combat
    71 | D:1      | Reached XP level 2. HP: 12/15 MP: 4/4
   195 | D:1      | Reached skill level 2 in Unarmed Combat
   295 | D:1      | Reached XP level 3. HP: 17/18 MP: 5/5
   525 | D:2      | Found a bloodstained altar of Trog.
   592 | D:2      | Found an oddly glowing altar of Pakellas.
   711 | D:2      | Reached skill level 3 in Unarmed Combat
   725 | D:2      | Found a burning altar of Makhleb.
   803 | D:2      | Found a sparkling altar of Nemelex Xobeh.
   873 | D:2      | Reached XP level 4. HP: 18/23 MP: 6/6
  1682 | D:3      | Reached skill level 4 in Unarmed Combat
  1906 | D:4      | Reached XP level 5. HP: 10/26 MP: 4/7
  1922 | D:4      | HP: 1/26 [poisoned by a scorpion]
  1928 | D:4      | HP: 1/26 [poisoned by a scorpion]
  1936 | D:4      | HP: 1/26 [poisoned by a scorpion]
  2189 | D:4      | Noticed Natasha
  2206 | D:5      | Entered Level 5 of the Dungeon
  2216 | D:5      | Reached skill level 5 in Unarmed Combat
  2230 | D:5      | Noticed an ogre
  2426 | D:5      | Gained mutation: You heal very quickly. [Vine Stalker growth]
  2426 | D:5      | Reached XP level 6. HP: 30/30 MP: 8/8
  2499 | D:5      | Reached skill level 6 in Unarmed Combat
  2646 | D:5      | Noticed Menkaure
  2840 | D:4      | Reached skill level 1 in Stealth
  2930 | D:4      | Killed Natasha
  2940 | D:4      | Got a steaming trident
  2970 | D:4      | Noticed Natasha
  3002 | D:4      | Killed Natasha
  3037 | D:4      | Noticed Natasha
  3059 | D:4      | Killed Natasha
  3133 | D:4      | Reached XP level 7. HP: 34/34 MP: 9/9
  3457 | D:6      | Found a staircase to the Ecumenical Temple.
  3486 | Temple   | Entered the Ecumenical Temple
  3706 | Temple   | Became a worshipper of Zin the Law-Giver
  3706 | Temple   | Reached * piety under Zin
  3824 | D:5      | Noticed Dowan
  3888 | D:6      | Donated 81 gold pieces to Zin
  3937 | D:6      | Reached skill level 1 in Invocations
  3972 | D:6      | Found a sand-covered staircase.
  3985 | Ossuary  | Entered an ossuary
  3997 | Ossuary  | Identified the cursed +1 trident "Del Ykhlu" {venom, rF- Int+5 Stlth+} (You found it on level 4 of the Dungeon)
  4093 | Ossuary  | Noticed a wraith
  4093 | Ossuary  | Noticed a flying skull
  4100 | Ossuary  | Noticed a flying skull
  4176 | Ossuary  | Noticed a wraith
  4186 | Ossuary  | Killed a wraith
  4204 | Ossuary  | Noticed a flying skull
  4256 | Ossuary  | Noticed a wraith
  4429 | D:6      | Reached skill level 7 in Unarmed Combat
  4429 | D:6      | Gained mutation: You have razor-sharp teeth. [Vine Stalker growth]
  4429 | D:6      | Reached XP level 8. HP: 27/38 MP: 12/12
  4445 | D:6      | Reached ** piety under Zin
  4600 | D:5      | Found an oddly glowing altar of Pakellas.
  4636 | D:5      | Killed Menkaure
  4687 | D:5      | Found a shattered altar of Ashenzari.
  4697 | D:5      | Noticed Duvessa
  4764 | D:6      | Reached skill level 8 in Unarmed Combat
  5021 | D:6      | Found a shimmering altar of Xom.
  5364 | D:7      | Reached skill level 9 in Unarmed Combat
  5377 | D:7      | Reached *** piety under Zin
  5484 | D:7      | Reached skill level 10 in Unarmed Combat
  5484 | D:7      | Reached XP level 9. HP: 30/42 MP: 9/13
  5918 | D:8      | Noticed Pikel
  5957 | D:8      | Noticed Prince Ribbit
  5979 | D:7      | Reached skill level 11 in Unarmed Combat
  6068 | D:8      | Found Tilocisk's Food Shoppe.
  6079 | D:8      | Reached skill level 1 in Slings
  6196 | D:8      | Found a blossoming altar of Fedhas.
  6301 | D:8      | Reached **** piety under Zin
  6460 | D:8      | Killed Pikel
  6603 | D:9      | Reached skill level 5 in Slings
  6603 | D:9      | Reached XP level 10. HP: 46/46 MP: 14/14
  6641 | D:9      | Found Leappol's Armour Shoppe.
  6675 | D:9      | Found a staircase to the Lair.
  6717 | D:9      | Found a glowing golden altar of the Shining One.
  6763 | D:9      | Found a flagged portal.
  6770 | D:9      | Found an iron altar of Okawaru.
  6772 | Bailey   | Entered a bailey
  6943 | Bailey   | Noticed an orc knight
  6982 | Bailey   | Killed an orc knight
  6982 | Bailey   | Reached skill level 5 in Invocations
  7327 | D:9      | Noticed Maurice
  7347 | D:9      | Killed Maurice
  7349 | D:9      | Reached ***** piety under Zin
  8137 | D:7      | Killed Prince Ribbit
  8345 | D:5      | Killed Dowan
  8382 | D:5      | Killed Duvessa
  8414 | D:5      | Noticed Crazy Yiuf
  8419 | D:5      | Killed Crazy Yiuf
  8526 | D:5      | Reached XP level 11. HP: 50/50 MP: 16/16
  8634 | Lair:1   | Entered Level 1 of the Lair of Beasts
  8698 | Lair:2   | Noticed an oklob plant
  8760 | Lair:2   | Noticed a four-headed hydra
  8843 | Lair:2   | Found a frozen archway.
  8850 | IceCv    | Entered an ice cave
  8949 | IceCv    | Noticed a death yak
  8998 | IceCv    | Reached skill level 5 in Fighting
  9025 | IceCv    | Reached skill level 12 in Unarmed Combat
  9185 | IceCv    | Killed a death yak
  9505 | IceCv    | Reached skill level 13 in Unarmed Combat
  9689 | IceCv    | Reached ****** piety under Zin
  9983 | IceCv    | Gained mutation: You regenerate. [Vine Stalker growth]
  9983 | IceCv    | Reached XP level 12. HP: 36/60 MP: 17/17
  9992 | IceCv    | Reached skill level 14 in Unarmed Combat
 10074 | IceCv    | Noticed a frost giant
 10225 | IceCv    | Killed a frost giant
 10225 | IceCv    | Reached skill level 15 in Unarmed Combat
 10318 | Lair:2   | Killed a four-headed hydra
 11971 | Lair:3   | Noticed a four-headed hydra
 11998 | Lair:3   | Killed a four-headed hydra
 12001 | Lair:3   | Reached XP level 13. HP: 50/63 MP: 17/19
 12015 | Lair:3   | Reached skill level 10 in Slings
 12167 | Lair:3   | Noticed Fannar
 12204 | Lair:3   | Killed Fannar
 13032 | Lair:4   | Noticed Harold
 13265 | Lair:4   | Killed Harold
 13992 | Lair:5   | Found a staircase to the Shoals.
 14019 | Lair:5   | Reached skill level 10 in Invocations
 14943 | Lair:6   | Found a hole to the Spider Nest.
 15005 | Lair:6   | Reached XP level 14. HP: 43/68 MP: 17/23
 15105 | Lair:6   | Reached skill level 1 in Dodging
 16334 | Lair:7   | Reached skill level 16 in Unarmed Combat
 16743 | Lair:8   | Entered Level 8 of the Lair of Beasts
 17107 | Lair:8   | Found a staircase to the Slime Pits.
 17121 | Lair:8   | Found a viscous altar of Jiyva.
 17286 | Lair:8   | Reached skill level 5 in Dodging
 17662 | Lair:8   | Reached XP level 15. HP: 72/72 MP: 25/25
 18096 | Spider:1 | Entered Level 1 of the Spider Nest
 18096 | Spider:1 | Noticed Frances
 18111 | Spider:1 | Killed Frances
 18476 | Spider:1 | Slain by a jumping spider

Skill      XL: |  1  2  3  4  5  6  7  8  9 10 11 12 13 14 15 |
---------------+----------------------------------------------+-----
Unarmed Combat | 1 2 3 4 5 6 7 10 11 13 15 16 | 16.3
Stealth        | 3 |  3.1
Invocations    | 4 6 7 11 12 | 12.1
Slings         | 5 8 9 10 11 | 11.3
Fighting       | 5 |  5.0
Dodging        | 6 8 |  8.0
Crossbows      | |  1.7
Armour         | |  1.0
Shields        | |  1.7
Spellcasting   | |  1.1
Air Magic      | |  2.0

Action                   |  1- 3 |  4- 6 |  7- 9 | 10-12 | 13-15 || total
-------------------------+-------+-------+-------+-------+-------++-------
Melee: Unarmed           |   103 |   119 |   249 |   795 |  1168 ||  2434
       Bite              |    26 |    32 |    73 |   277 |   451 ||   859
       Punch             |     2 |     1 |     7 |    62 |    97 ||   169
 Fire: Hand crossbow     |    13 |    39 |    84 |       |       ||   136
       Hunting sling     |       |       |    12 |   210 |   104 ||   326
       Blowgun           |       |       |       |    18 |     8 ||    26
Throw: Stone             |     2 |     1 |     1 |    11 |     7 ||    22
       Throwing net      |       |       |       |     6 |     1 ||     7
Invok: Recite            |       |       |     9 |     4 |       ||    13
       Donate Gold       |       |       |     1 |       |       ||     1
       Vitalisation      |       |       |     2 |     2 |     4 ||     8
Evoke: Wand              |       |       |       |    27 |     7 ||    34
  Use: Scroll            |       |     9 |     5 |    14 |    13 ||    41
       Potion            |       |       |     3 |    16 |     3 ||    22
 Stab: Sleeping          |       |       |     3 |     1 |       ||     4
       Invisible         |       |       |     1 |       |       ||     1
       Paralysed         |       |       |       |    10 |       ||    10
       Held in net/web   |       |       |       |     3 |       ||     3
  Eat: Chunk             |       |     5 |     4 |    10 |     8 ||    27
       Royal jelly       |       |     1 |       |       |     1 ||     2
       Bread ration      |       |       |     1 |       |       ||     1
       Pizza             |       |       |     2 |       |     1 ||     3
       Fruit             |       |       |       |    12 |    24 ||    36
Armor: Ring mail         |    31 |    41 |    83 |   192 |       ||   347
       Chain mail        |       |       |       |    27 |   317 ||   344
       Scale mail        |       |       |       |       |    76 ||    76
Dodge: Dodged            |    32 |    53 |    98 |   442 |   560 ||  1185
Block: Shield            |    21 |       |       |       |       ||    21
